Map: Apotheosis LE

Players

True - Winner!

  • Race: Zerg Zerg
  • League: Grandmaster

Kelazhur

  • Race: Terran Terran

Event: Cheesadelphia Summer 2016

VOD

https://www.youtube.com/watch?v=lmxlcYwEFP8

Description

Time

  • Played on: July 24, 2016, 6:23 p.m.
  • Length: 16:48

All games in this series

Show
View Real Time Build Order
Export as new Build Order

True Zerg - Winner!

Build Orders: Hatch First 

Get SALT Encoding   

  12  0:00  Drone  
  13  0:12  Overlord  
  13  0:17  Drone  
  14  0:30  Drone x2  
  14  0:34  Drone  
  17  0:55  Hatchery  
  16  0:58  Drone  
  17  1:08  Spawning Pool  
  17  1:10  Extractor  
  15  1:13  Drone  
  15  1:17  Drone  
  17  1:20  Drone  
  18  1:28  Drone  
  19  1:38  Overlord  
  19  1:55  Queen  
  19  1:56  Zergling x2  
  19  2:00  Zergling x2  
  23  2:06  Queen  
  23  2:07  Zergling x2  
  26  2:11  Drone  
  26  2:12  Metabolic Boost  
  27  2:17  Drone  
  27  2:22  Drone  
  29  2:30  Queen  
  29  2:33  Drone  
  29  2:36  Drone  
  33  2:40  Drone  
  34  2:46  Overlord  
  34  2:50  Pneumatized Carapace  
  34  2:53  Drone  
  34  2:56  Drone  
  36  3:04  Drone x3  
  39  3:06  Drone  
  39  3:08  Drone  
  41  3:17  Drone, Overlord  
  41  3:18  Drone  
  43  3:20  Drone  
  44  3:36  Drone x2  
  44  3:37  Hatchery  
  44  3:38  Drone  
  44  3:39  Drone  
  47  3:49  Drone  
  47  3:50  Evolution Chamber, Drone x2  
  47  3:51  Evolution Chamber  
  47  3:55  Overlord  
  48  3:58  Overlord  
  48  4:00  Overlord  
  48  4:16  Queen x2  
  51  4:22  Zerg Ground Armor Level 1, Zerg Melee Weapons Level 1  
  50  4:25  Drone x4  
  54  4:35  Overlord  
  54  4:37  Zergling x12  
  60  4:38  Zergling x2  
  60  4:41  Zergling x2  
  62  4:51  Queen  
  64  4:54  Zergling x4  
  65  5:02  Queen  
  65  5:03  Queen  
  69  5:08  Drone x2  
  69  5:09  Drone x4  
  69  5:10  Overlord x2  
  69  5:13  Baneling Nest  
  74  5:14  Overlord  
  74  5:17  Overlord  
  74  5:21  Overlord  
  74  5:25  Overlord  
  74  5:29  Zergling x2  
  74  5:30  Zergling x10  
  74  5:34  Lair  
  74  5:35  Overlord  
  80  5:43  Drone x6  
  80  5:47  Drone x2  
  87  5:54  Drone  
  87  5:55  Extractor x2, Drone  
  88  5:57  Drone x2  
  88  6:00  Baneling  
  88  6:01  Baneling x3  
  88  6:03  Drone, Overlord  
  90  6:04  Extractor  
  90  6:05  Drone  
  90  6:08  Overlord  
  90  6:14  Overlord  
  90  6:17  Drone  
  91  6:20  Extractor  
  91  6:23  Drone x8  
  91  6:24  Drone  
  99  6:26  Overlord  
  99  6:27  Zergling x2  
  99  6:32  Zergling x2  
  101  6:33  Extractor  
  101  6:34  Hatchery, Zergling x2  
  101  6:36  Zergling x2  
  101  6:42  Zerg Ground Armor Level 2  
  101  6:48  Overlord  
  101  6:50  Zergling x6  
  101  6:51  Overlord  
  101  6:54  Zergling x2  
  105  6:55  Zerg Melee Weapons Level 2, Zergling x4  
  105  6:57  Drone, Spore Crawler  
  105  6:59  Zergling x10  
  105  7:00  Spore Crawler  
  111  7:08  Zergling x6  
  112  7:13  Infestation Pit  
  113  7:17  Centrifical Hooks  
  113  7:19  Roach Warren  
  113  7:21  Overlord  
  112  7:23  Overlord  
  112  7:24  Zergling x14  
  112  7:26  Baneling x6  
  112  7:27  Baneling x5  
  119  7:41  Drone  
  119  7:42  Drone x4  
  115  7:50  Queen  
  107  7:59  Glial Reconstitution, Pathogen Glands  
  107  8:06  Drone x3  
  107  8:07  Drone x5, Zergling x2  
  107  8:08  Zergling x14  
  107  8:09  Zergling x2  
  107  8:11  Zergling x4  
  126  8:14  Spore Crawler  
  124  8:24  Zergling x2  
  116  8:28  Zergling x12  
  116  8:29  Zergling x2  
  116  8:30  Queen  
  123  8:34  Zergling x10  
  123  8:39  Spore Crawler  
  123  8:41  Drone x3  
  128  8:43  Extractor, Infestor x2  
  128  8:45  Infestor  
  128  8:47  Infestor  
  136  8:49  Baneling x3  
  136  8:52  Extractor, Infestor x2  
  139  9:11  Zergling x12  
  144  9:19  Overlord  
  144  9:20  Infestor x2  
  144  9:21  Roach  
  144  9:22  Roach x3  
  144  9:23  Overlord, Roach  
  160  9:24  Roach  
  160  9:30  Roach x2  
  160  9:31  Roach x3  
  165  9:35  Overlord  
  165  9:38  Roach x2  
  169  9:39  Roach  
  169  9:42  Roach  
  175  9:54  Overlord  
  175  9:55  Overseer  
  175  9:56  Hive  
  175  9:57  Zergling x16  
  175  9:58  Zergling x2  
  184  10:00  Baneling, Extractor  
  184  10:01  Baneling x7  
  184  10:02  Overlord  
  183  10:09  Zergling x2  
  183  10:12  Overlord  
  183  10:14  Zergling x6  
  183  10:15  Zergling x2  
  183  10:16  Baneling x3, Zergling x2  
  183  10:17  Zergling x6  
  183  10:18  Zergling x2  
  191  10:22  Ravager x4  
  195  10:30  Drone x2  
  195  10:31  Drone, Spore Crawler  
  197  10:55  Hatchery  
  185  10:58  Zergling x2  
  185  10:59  Zergling x28  
  185  11:02  Zergling x2  
  198  11:15  Adrenal Glands  
  180  11:30  Zergling x6  
  167  11:35  Zerg Ground Armor Level 3  
  167  11:36  Hatchery  
  167  11:37  Ultralisk Cavern, Zergling x10  
  167  11:39  Zergling x4  
  166  11:44  Zergling x6  
  157  11:48  Ravager x5  
  157  11:49  Ravager  
  157  11:52  Queen  
  157  11:53  Extractor  
  160  12:06  Zerg Melee Weapons Level 3  
  160  12:11  Hatchery  
  158  12:25  Chitinous Plating  
  158  12:29  Hatchery  
  157  12:32  Drone  
  157  12:33  Drone x2  
  157  12:34  Zergling x4  
  157  12:35  Zergling x4  
  166  12:37  Roach x5  
  166  12:38  Zergling x6  
  166  12:40  Baneling x3  
  166  12:41  Baneling x5  
  177  13:03  Baneling  
  177  13:04  Baneling x4  
  173  13:18  Ultralisk  
  173  13:19  Ultralisk x3  
  191  13:22  Ultralisk  
  197  13:29  Hatchery  
  196  13:40  Drone x2  
  193  13:42  Spore Crawler  
  193  13:47  Ultralisk  
  198  13:54  Overseer x2  
  189  14:11  Ultralisk  
  194  14:32  Ultralisk  
  194  14:36  Ultralisk  
  194  14:46  Drone  
  194  14:51  Ultralisk  
  196  14:58  Ultralisk  
  194  15:07  Ultralisk  
  195  15:33  Ultralisk  
  195  15:34  Ultralisk  
  197  15:43  Ultralisk  
  196  15:57  Drone x3  
  196  15:58  Drone  
Show
View Real Time Build Order
Export as new Build Order

Kelazhur Terran 

Build Orders: Reaper Expand, MMM Bio 

Get SALT Encoding   

  12  0:01  SCV  
  13  0:13  SCV  
  14  0:17  Supply Depot  
  14  0:25  SCV  
  15  0:38  SCV  
  15  0:39  Barracks  
  16  0:44  Refinery  
  16  0:50  SCV  
  17  1:02  SCV  
  18  1:18  SCV  
  19  1:28  Reaper  
  19  1:30  Orbital Command  
  20  1:41  Command Center  
  20  1:53  Barracks  
  20  1:55  SCV  
  20  2:00  Barracks Reactor  
  21  2:05  Supply Depot  
  21  2:09  SCV  
  21  2:12  Refinery  
  22  2:21  SCV  
  23  2:27  Factory  
  23  2:33  SCV  
  24  2:37  Marine x2  
  24  2:41  Barracks Tech Lab  
  26  2:45  SCV  
  27  2:52  Orbital Command  
  27  2:55  Marine x2  
  27  2:58  SCV  
  30  3:04  Stimpack  
  30  3:06  Marine  
  31  3:13  SCV  
  31  3:14  Marine  
  31  3:15  Marine  
  34  3:20  SCV  
  34  3:27  Starport  
  35  3:28  Factory Reactor  
  35  3:29  SCV  
  36  3:34  Marine x2  
  36  3:36  SCV  
  36  3:38  Marine  
  40  3:44  Supply Depot  
  40  3:45  SCV  
  41  3:48  SCV  
  41  3:52  Marine x2  
  44  3:56  Marine  
  44  3:57  SCV  
  46  4:06  SCV  
  46  4:07  Supply Depot  
  46  4:09  SCV  
  48  4:13  Marine x2, Medivac  
  48  4:14  Medivac  
  54  4:18  SCV  
  54  4:19  Marine  
  54  4:21  SCV  
  54  4:30  SCV  
  55  4:31  Supply Depot  
  55  4:33  SCV  
  55  4:35  Marine x2  
  55  4:36  Engineering Bay x2  
  58  4:42  SCV  
  59  4:45  Viking  
  59  4:49  SCV  
  59  4:52  Marine  
  62  4:57  SCV  
  62  4:58  Marine x2  
  66  5:04  Terran Infantry Armor Level 1, Supply Depot, Terran Infantry Weapons Level 1  
  66  5:05  Supply Depot, SCV  
  67  5:14  Marine  
  68  5:16  Marine x2  
  68  5:20  Supply Depot  
  70  5:25  Command Center  
  70  5:26  SCV x2  
  72  5:29  Combat Shields  
  69  5:45  Marine  
  69  5:46  Marine x2  
  69  5:47  SCV x2  
  73  5:50  Refinery  
  73  5:51  Refinery  
  73  5:57  Barracks  
  73  5:58  Barracks  
  73  6:00  Barracks  
  73  6:02  Factory Reactor  
  73  6:03  SCV x2, Armory  
  75  6:06  Medivac  
  75  6:15  Medivac  
  75  6:16  Marine x3  
  75  6:18  SCV x2  
  82  6:30  SCV x2  
  84  6:34  Marine x2  
  86  6:42  SCV, Orbital Command  
  86  6:43  Marine  
  86  6:44  Widow Mine x2  
  92  6:52  Marine x2  
  94  6:55  Barracks Reactor x2  
  94  6:56  Barracks Reactor  
  94  6:59  Terran Infantry Weapons Level 2, SCV x2  
  96  7:03  Marine, Orbital Command  
  97  7:10  Marine x2  
  97  7:13  SCV  
  97  7:15  Terran Infantry Armor Level 2  
  100  7:17  SCV  
  100  7:21  Marine  
  100  7:25  SCV  
  100  7:27  Marine  
  100  7:28  Marine  
  102  7:32  Marine  
  102  7:33  Marine x5, Barracks  
  102  7:34  Barracks, SCV  
  102  7:37  Barracks  
  109  7:39  Supply Depot  
  109  7:40  Supply Depot  
  109  7:55  Supply Depot, Marine x2  
  109  8:00  Widow Mine x2, Supply Depot, Marine x2, Medivac  
  109  8:01  SCV x2, Marine x3, Medivac  
  109  8:02  Marine  
  125  8:06  Sensor Tower  
  125  8:08  Supply Depot  
  125  8:17  Marine x2  
  127  8:22  Marine  
  127  8:23  Marine  
  127  8:28  Widow Mine x2  
  127  8:30  Medivac, Marine  
  127  8:31  Marine x7, Medivac  
  142  8:37  Marine  
  140  8:41  Command Center  
  140  8:43  Supply Depot  
  140  8:44  Supply Depot  
  140  8:58  Barracks Tech Lab x2, Barracks Reactor  
  140  8:59  Marine x6, Marauder  
  148  9:04  Supply Depot  
  148  9:05  Medivac x2  
  148  9:09  Supply Depot  
  150  9:12  Supply Depot  
  150  9:14  Widow Mine x2, Marine  
  152  9:21  Terran Infantry Weapons Level 3  
  152  9:23  Concussive Shells, Marine, Marauder x3  
  152  9:24  Marine x3  
  147  9:40  Marine  
  147  9:41  Marine x3  
  147  9:44  Marauder x2  
  153  9:48  Medivac x2, Marine x7  
  164  9:58  Marine  
  164  9:59  Marine  
  164  10:04  Widow Mine x2  
  164  10:06  Marauder x2  
  172  10:08  Terran Infantry Armor Level 3  
  172  10:10  Missile Turret  
  172  10:19  Marine x10, Marauder  
  180  10:26  Refinery  
  180  10:27  Refinery, Marine, Marauder  
  183  10:30  Medivac  
  183  10:32  Widow Mine  
  183  10:33  Widow Mine  
  189  10:35  Medivac  
  189  10:37  Marine  
  189  10:39  Marine  
  189  10:40  Marine  
  189  10:41  Marauder  
  196  10:44  Marine  
  196  10:45  Marauder  
  199  10:56  Marauder  
  196  11:02  Marauder  
  196  11:03  Widow Mine  
  192  11:14  Marauder  
  192  11:15  Marine  
  192  11:16  Widow Mine  
  192  11:18  Marauder  
  190  11:22  Marine  
  190  11:23  Marine, Marauder  
  168  11:29  Marine  
  168  11:30  Marine x6  
  168  11:32  Widow Mine, Planetary Fortress  
  139  11:33  Marine  
  139  11:35  Marine  
  139  11:39  Marine  
  135  11:40  Marine  
  135  11:41  Marine  
  135  11:44  Widow Mine  
  135  11:45  Marauder  
  104  11:47  Marine  
  104  11:48  Marine x2  
  104  11:49  Marine x3  
  104  11:52  SCV x3  
  104  11:54  Marauder  
  113  12:00  Marine x4, Marauder  
  113  12:01  Widow Mine  
  119  12:05  SCV x3  
  124  12:12  Medivac x2  
  124  12:13  Widow Mine, Marine  
  124  12:14  Supply Depot, Marine x2, Marauder  
  124  12:15  Supply Depot  
  133  12:20  Marine  
  133  12:21  SCV, Marauder  
  133  12:22  SCV x2  
  139  12:28  Marine x6, Marauder  
  139  12:29  Widow Mine  
  147  12:31  Marine  
  147  12:32  Marine  
  147  12:36  Marauder  
  153  12:42  Medivac x2  
  153  12:43  Marine, Marauder  
  160  12:48  SCV  
  161  12:51  Marine  
  161  12:52  Marine, Marauder  
  161  12:53  Command Center, Marine x2  
  161  12:55  Widow Mine  
  161  12:58  Widow Mine  
  169  13:00  Marine  
  169  13:01  Marine, Marauder  
  175  13:16  Marine, Marauder  
  176  13:20  Marine x7, Marauder  
  176  13:24  Widow Mine, Liberator, Marauder  
  176  13:26  Widow Mine  
  191  13:31  Marine  
  191  13:32  Marine  
  191  13:34  Marine  
  193  13:38  Marauder  
  196  13:48  Starport  
  199  13:49  Starport  
  199  14:05  Liberator  
  199  14:07  Liberator  
  199  14:11  Starport  
  199  14:12  Starport  
  199  14:13  Fusion Core  
  196  14:30  Starport Tech Lab, Starport Reactor  
  199  14:33  Liberator  
  199  14:36  Liberator  
  199  14:38  Liberator  
  191  14:47  Marauder x2  
  191  14:48  Liberator  
  191  14:51  Liberator  
  184  15:13  Refinery  
  185  15:15  Liberator, Marine x2  
  185  15:16  Marine x9  
  192  15:25  Liberator  
  161  15:50  Marine x8  
  169  16:00  Marine  
Tags
 
Add a new tag
Caveats
  • Supply blocks, unpowered buildings, or Contaminate may cause inaccurate times.
  • Supply counts are checked every 10 seconds.